 Dungeon Crawl Stone Soup version 0.20.0-14-g326068f (webtiles) character file.

214 mopl the Sneak (level 5, -5/38 HPs)
             Began as a Demonspawn Assassin on June 8, 2017.
             Killed from afar by Terandir's ghost (22 damage)
             ... with a stone arrow
             ... on level 4 of the Dungeon.
             The game lasted 00:03:23 (2937 turns).

mopl the Sneak (Demonspawn Assassin)                Turns: 2937, Time: 00:03:24

Health: -5/38      AC:  4    Str: 11    XL:     5   Next: 59%
Magic:  0/5        EV: 12    Int: 12    God:
Gold:   215        SH:  0    Dex: 16    Spells: 4/4 levels left

rFire    . . .     SeeInvis .   b - +0 blowgun
rCold    . . .     Gourm    .   (no shield)
rNeg     . . .     Faith    .   c - +0 robe
rPois    .         Spirit   +   (no helmet)
rElec    .         Reflect  .   d - +0 cloak
rCorr    .         Harm     .   (no gloves)
MR       .....                  s - +0 pair of boots
Stlth    ++........             (no amulet)
Regen    0.2/turn               (no ring)
MPRegen  0.1/turn               (no ring)

@: glowing
A: magic shield, sturdy frame 1
a: no special abilities


You were on level 4 of the Dungeon.
You were not hungry.

You visited 1 branch of the dungeon, and saw 4 of its levels.

You collected 215 gold pieces.

Inventory:

Hand Weapons
 a - a +0 short sword of draining
 b - a +0 blowgun (weapon)
 j - a +0 hunting sling
Missiles
 e - 4 poisoned needles
 f - a curare-tipped needle (quivered)
 m - 81 stones
 o - 3 tomahawks
 t - 35 sling bullets
 u - 4 javelins
Armour
 c - a +0 robe (worn)
 d - a +0 cloak (worn)
 s - a +0 pair of boots (worn)
Scrolls
 h - a scroll of remove curse {unknown}
 i - 2 scrolls of identify {unknown}
 k - 2 scrolls of enchant weapon {unknown}
 l - a scroll of enchant armour {unknown}
 n - 2 scrolls of fog {unknown}
 p - 2 scrolls of recharging {unknown}
 q - 2 scrolls of blinking {unknown}
 x - 2 scrolls of magic mapping {unknown}
 y - a scroll of random uselessness {unknown}
Potions
 r - a potion of curing {unknown}
 v - a potion of brilliance {unknown}
 w - 3 potions of heal wounds {unknown}
Comestibles
 g - 2 bread rations
 z - a chunk of flesh


   Skills:
 - Level 2.0 Fighting
 + Level 3.2 Short Blades
 + Level 2.9 Throwing
 - Level 0.8 Dodging
 * Level 5.3 Stealth


You had 4 spell levels left.
You didn't know any spells.

Dungeon Overview and Level Annotations

Branches:
Dungeon (4/15)
 Temple: D:4-7

Altars:
Elyvilon
Qazlal

Annotations:
D:4 Duvessa; Terandir's ghost, novice DEEE


Innate Abilities, Weirdness & Mutations

When hurt, damage is shared between your health and your magic reserves.
Your movements are slightly less encumbered by armour. (ER -2)


Message History

Unknown command.
Firing (i - inventory. (,) - cycle):
f - 2 curare-tipped needles (quivered)
Press: ? - help, Shift-Dir - straight line, f/p - Duvessa
Aim: Duvessa, wielding a short sword and wearing a scale mail (heavily wounded, berserk, fast, unusually strong, poisoned)
You shoot a curare-tipped needle. The curare-tipped needle hits Duvessa.
Duvessa looks even sicker.
Duvessa convulses.
Duvessa seems to slow down.
Duvessa is heavily wounded.
Duvessa completely misses you.
Unknown command.
Terandir's ghost (novice Deep Elf Earth Elementalist) comes into view.
It is wielding a weapon of protection.
Terandir's ghost turns its malevolent gaze towards you.
Terandir's ghost moves out of view.
The howler monkey hoots and howls with incredible vigour!
Terandir's ghost shouts, "I was like you once."
Terandir's ghost hits you. Terandir's ghost hits you.
Terandir's ghost points at you and mumbles some strange words.
The stone arrow hits you!
Ouch! That really hurt!
You die...

.# ########### .# ...
..........# .# ....
..........#### ##[#.(.(.
............. ...#..(..
...........######..#..(..
................@....$...
.................W.......
..............###eS#.#.#
.####........÷###..#(#
.####.#.#....hS....#S#
......#.###...###.##h#
....###.#≈≈...≈≈#.##(#
....# #.#≈..♣..≈####.#
....# #.........hS...#


You could see Duvessa (berserk), Terandir's ghost and an adder.

Vanquished Creatures
  Dowan (D:4)
  A bullfrog skeleton (D:4)
  An iguana (D:4)
  A worker ant (D:4)
  An adder (D:2)
  An adder skeleton (D:4)
  2 worms
  2 dart slugs (D:1)
  4 leopard geckos
  An orc (D:3)
  8 bats
  2 giant cockroaches
  7 goblins
  8 hobgoblins
  4 jackals (D:2)
  7 kobolds
  A quokka (D:4)
  6 frilled lizards
  A jackal skeleton (D:4)
  4 rats
63 creatures vanquished.

Notes
Turn   | Place    | Note
-------+----------+-------------------------------------------
     0 | D:1      | mopl the Demonspawn Assassin began the quest for the Orb.
     0 | D:1      | Reached XP level 1. HP: 16/16 MP: 1/1
    84 | D:1      | Reached skill level 2 in Short Blades
   162 | D:1      | Gained mutation: Your movements are slightly less encumbered by armour. (ER -2) [demonic ancestry]
   162 | D:1      | Reached XP level 2. HP: 19/22 MP: 2/2
   425 | D:1      | Reached skill level 4 in Stealth
   598 | D:1      | Reached skill level 2 in Throwing
   662 | D:1      | Reached XP level 3. HP: 18/27 MP: 3/3
   866 | D:2      | Found a faded altar of an unknown god.
  2035 | D:3      | Gained mutation: When hurt, damage is shared between your health and your magic reserves. [demonic ancestry]
  2035 | D:3      | Reached XP level 4. HP: 33/33 MP: 4/4
  2666 | D:4      | Found a stormy altar of Qazlal.
  2678 | D:4      | Found a white marble altar of Elyvilon.
  2690 | D:4      | Reached skill level 3 in Short Blades
  2714 | D:4      | Reached skill level 5 in Stealth
  2714 | D:4      | Reached XP level 5. HP: 21/38 MP: 2/5
  2906 | D:4      | Noticed Dowan
  2909 | D:4      | Noticed Duvessa
  2921 | D:4      | Killed Dowan
  2933 | D:4      | Noticed Terandir's ghost (novice DEEE)
  2937 | D:4      | Killed from afar by Terandir's ghost

Skill      XL: |  1  2  3  4 |
---------------+-------------+-----
Short Blades   | 2 3 |  3.2
Stealth        | 4 5 |  5.3
Throwing       | 2 |  2.9
Fighting       | |  2.0
Dodging        | |  0.8

Action                   |  1- 3 |  4- 6 || total
-------------------------+-------+-------++-------
Melee: Dagger            |    69 |       ||    69
       Short sword       |    34 |    56 ||    90
 Fire: Blowgun           |     6 |    12 ||    18
Throw: Stone             |     1 |       ||     1
 Stab: Sleeping          |    13 |     2 ||    15
       Distracted        |       |     3 ||     3
  Eat: Chunk             |     3 |     3 ||     6
Armor: Robe              |    22 |    11 ||    33
Dodge: Dodged            |    52 |    25 ||    77
